 Dungeon Crawl Stone Soup version 0.30-a0-632-g346586fe48 (webtiles) character file.

Game seed: 6022389692846351387

5246 porpoise the Trooper (level 10, -3/80 HPs)
             Began as a Djinni Fire Elementalist on Jan 14, 2023.
             Was a Believer of Ashenzari.
             Slain by a two-headed ogre
             ... wielding a +0 dire flail
              (9 damage)
             ... on level 9 of the Dungeon.
             The game lasted 00:49:43 (9939 turns).

porpoise the Trooper (Djinni Fire Elementalist)     Turns: 9939, Time: 00:49:43

Health: -3/80      AC: 14    Str:  7    XL:     10   Next: 93%
Gold:   490        EV: 12    Int: 22    God:    Ashenzari [**....] SH:  5 Dex: 13

rFire   + + +      SeeInvis +    a - +9 dagger "Kattauf" {heavy, rPois rF+}
rCold   . . .      Faith    .    y - +0 buckler
rNeg    . . .      Spirit   .    A - +1 acid dragon scales
rPois   ∞          Reflect  .    d - +1 helmet of Ashenzari's Autotheism {Self, Cun} (curse)
rElec   .          Harm     .    (no cloak)
rCorr   +          Rampage  .    (no gloves)
Will    +....                    (boots unavailable)
Stlth   +++                      L - amulet of the Chained Sorrow {Regen+, Self, Range} (curse)
HPRegen 1.13/turn                c - ring of protection from cold
MPRegen 0.00/turn                p - ring of the Bound Seer {AC+4, Self, Melee} (curse)

@: flying
A: sickness immunity, fire resistance 2, cold vulnerability 1, float, innate
caster, HP casting, extra vitality 1
a: Renounce Religion, Curse Item, Shatter the Chains


You were on level 9 of the Dungeon.
You worshipped Ashenzari.
Ashenzari was pleased with you.
You visited 2 branches of the dungeon, and saw 10 of its levels.
You also visited: Sewer.

You collected 490 gold pieces.

Inventory:

Hand Weapons
 a - the +9 dagger "Kattauf" (weapon) {heavy, rPois rF+}
   (You found it on level 8 of the Dungeon)

   rF:        It protects you from fire.
   rPois:     It protects you from poison.
 b - the +6 long sword "Fiapuone" {drain, Stlth+}
   (You found it on level 8 of the Dungeon)

   Stlth:     It makes you more stealthy.
 i - a +1 scythe of venom
 r - a +1 scimitar of freezing
 N - a +0 broad axe of flaming
 Q - a +9 mace
 T - a +2 spectral quarterstaff
Missiles
 f - 4 curare-tipped darts (quivered)
 h - 5 javelins
 j - 14 boomerangs
 H - a boomerang of dispersal
 U - 6 poisoned darts
Armour
 d - the cursed +1 helmet of Ashenzari's Autotheism (worn) {Self, Cun}
   (You found it on level 1 of the Dungeon)

   It has a curse which improves the following skills: Introspection: Fighting
   and Spellcasting.
   Cunning:   Dodging and Stealth.
 e - a +0 troll leather armour
 k - a +0 crystal plate armour
 t - a +1 hat
 y - a +0 buckler (worn)
 A - +1 acid dragon scales (worn)
 I - the +1 helmet of the Five Tables {Str+3}
   (You found it on level 6 of the Dungeon)

   Str:       It affects your strength (+3).
 O - +0 swamp dragon scales
Magical Staves
 z - a staff of earth
Jewellery
 c - a ring of protection from cold (left hand)
 p - the cursed ring of the Bound Seer (right hand) {AC+4, Self, Melee}
   (You found it on level 2 of the Dungeon)

   [ring of protection]

   AC:        It affects your AC (+4).
   It has a curse which improves the following skills: Introspection: Fighting
   and Spellcasting.
   Melee Combat: Short Blades, Long Blades, Axes, Maces & Flails, Polearms,
   Staves and Unarmed Combat.
 D - a ring of protection from fire
 E - a +4 ring of protection
 L - the cursed amulet of the Chained Sorrow (around neck) {Regen+, Self, Range}
   (You found it on level 6 of the Dungeon)

   [amulet of regeneration]

   Regen:     It increases your rate of health regeneration.
   It has a curse which improves the following skills: Introspection: Fighting
   and Spellcasting.
   Ranged Combat: Ranged Weapons and Throwing.
 X - an amulet of regeneration
Wands
 C - a wand of paralysis (10)
 V - a wand of iceblast (14)
Scrolls
 m - 2 scrolls of torment
 n - 4 scrolls of enchant weapon
 q - 2 scrolls of immolation
 s - a scroll of poison
 v - 2 scrolls of noise
 w - 5 scrolls of fog
 G - a scroll of fear
 K - a scroll of vulnerability
 M - a scroll of silence
 P - a scroll of brand weapon
 S - a scroll of teleportation
Potions
 g - a potion of mutation
 l - a potion of brilliance
 o - 3 potions of attraction
 u - a potion of lignification
 x - a potion of invisibility
 B - a potion of curing
 F - a potion of haste
 J - a potion of might
 R - a potion of cancellation
 W - 2 potions of heal wounds


   Skills:
 - Level 7.7(10.3) Fighting
 - Level 4.9(6.1) Short Blades
 + Level 4.3 Armour
 + Level 5.4(6.6) Dodging
 - Level 5.1(6.4) Stealth
 + Level 4.3 Shields
 - Level 6.1(8.6) Spellcasting


You had 4 spell levels left.
You knew the following spells:

 Your Spells              Type           Power      Damage    Failure   Level
a - Foxfire               Conj/Fire      100%       2x1d9     1%          1
b - Ignite Poison         Fire/Tmut/Pois 47%        N/A       1%          3
c - Kindle Blastsparks    Fire/Tloc/Air  94%        2d17      1%          3
d - Inner Flame           Hex/Fire       47%        N/A       1%          3
e - Flame Wave            Conj/Fire      47%        2d12      4%          4
f - Sting                 Tmut/Pois      100%       1d8       1%          1
k - Blink                 Tloc           94%        N/A       1%          2
s - Scorch                Fire           94%        2d10      1%          2
t - Confusing Touch       Hex            47%        N/A       1%          3
Your spell library was empty.

Dungeon Overview and Level Annotations

Branches:
Dungeon (9/15)             Temple (1/1) D:4           Sewer (visited)
   Lair: D:8-11         Orc: D:9-12

Altars:
Ashenzari
Cheibriados
Dithmenos
Gozag
Hepliaklqana
Nemelex Xobeh
Okawaru
Ru
Trog
Uskayaw
Xom
Zin
The Shining One


Innate Abilities, Weirdness & Mutations

You are immune to sickness and miasma.
You are immune to poison.
Your flesh is very heat resistant. (rF++)
You are vulnerable to cold. (rC-)
You float through the air rather than walking.
You learn spells naturally, not from books.
Your magical power is your life essence.
You have superior vitality. (+4 MHP)


Message History

You hit the white ugly thing.
The white ugly thing is moderately wounded.
The white ugly thing is no longer more vulnerable to fire.
The foxfire hits the white ugly thing but does no damage.
The white ugly thing is moderately wounded.
The foxfire hits the white ugly thing.
The white ugly thing is moderately wounded.
The white ugly thing barely misses you.
Casting: Foxfire (safe; 1% risk of failure)
Confirm with . or Enter, or press ? or * to list all spells.
You conjure some foxfire!
The white ugly thing claws you but does no damage.
Casting: Foxfire (safe; 1% risk of failure)
Confirm with . or Enter, or press ? or * to list all spells.
Casting: Flame Wave (dangerous; 4% risk of failure)
Press: ? - help, Dir - look around, f - activate A wave of flame ripples out!
The flame wave engulfs your foxfire.
Your foxfire completely resists.
The flame wave engulfs your foxfire.
Your foxfire completely resists.
The flame wave engulfs the white ugly thing.
The white ugly thing is heavily wounded. (Press . to intensify the flame waves.)
The foxfire hits the white ugly thing.
The white ugly thing is heavily wounded.
The foxfire hits the white ugly thing.
The white ugly thing is heavily wounded.
The white ugly thing claws you!
* * * LOW HITPOINT WARNING * * *
The white ugly thing freezes you!
* * * LOW HITPOINT WARNING * * *
A wave of flame ripples out!
The flame wave engulfs the two-headed ogre!
The two-headed ogre is moderately wounded.
The flame wave engulfs the white ugly thing.
The white ugly thing is severely wounded.
* * * LOW HITPOINT WARNING * * *
The white ugly thing barely misses you.
The two-headed ogre hits you with a +0 dire flail!
You die...

, , + , , , * ,
*##...., , , ###......
, , , * ,,###........ ,
###.......... ,
###............ * , ,,
##...............
........$)....... , ,
,,#...u@).....!. * , *
#. ##..O......... ,
..###.......#..... *
....#..............# ,
...................#. ,
,
,#.........##........##
,
,.#......####..........
, ##....#####........#
*
#........##.......#####


You could see a white ugly thing and a two-headed ogre.

Vanquished Creatures
  A centaur warrior (D:9)
  A wizard (D:9)
  Maggie (D:7)
  A troll (D:8)
  Prince Ribbit (D:7)
  A wraith (D:8)
  A wyvern (D:9)
  Sigmund (D:3)
  Duvessa (D:7)
  2 water moccasins (D:7)
  An acid dragon (D:8)
  An orc warrior (D:8)
  2 black bears
  A centaur (D:7)
  5 kobold brigands
  5 bullfrogs
  A gnoll sergeant (D:6)
  A necrophage (D:5)
  A scorpion (D:5)
  6 wights
  Dowan (D:7)
  3 killer bees (D:8)
  6 howler monkeys
  3 hounds
  A jelly (D:6)
  An iguana (D:5)
  An orc wizard (D:4)
  7 gnolls
  14 adders
  6 river rats (Sewer)
  A shadow imp (D:8)
  3 white imps
  An ufetubus (D:5)
  3 worms
  6 dart slugs
  11 orcs
  8 bats
  6 endoplasms
  6 giant cockroaches
  6 goblins
  6 hobgoblins
  8 jackals
  4 quokkas (Sewer)
  16 ball pythons
  5 frilled lizards
  24 kobolds
  5 rats
  A butterfly (D:4)
198 creatures vanquished.

Vanquished Creatures (others)
  A black bear (D:5)
  372 foxfires
373 creatures vanquished.

Grand Total: 571 creatures vanquished

Notes
Turn   | Place    | Note
-------+----------+-------------------------------------------
     0 | D:1      | porpoise the Djinni Fire Elementalist began the quest for
                  | the Orb.
     0 | D:1      | porpoise set off with the following spells memorised:
                  | Foxfire, Scorch, Kindle Blastsparks, Inner Flame, Flame
                  | Wave.
     0 | D:1      | Reached XP level 1. HP: 15/15 MP: 0/0
   166 | D:1      | Reached XP level 2. HP: 22/22 MP: 0/0
   167 | D:1      | Reached skill level 1 in Fighting
   443 | D:1      | Reached XP level 3. HP: 25/27 MP: 0/0
   443 | D:1      | Learned a level 1 spell: Sting
   738 | D:2      | Reached skill level 2 in Fighting
  1046 | D:2      | Found a faded altar of an unknown god.
  1130 | D:3      | Reached XP level 4. HP: 32/33 MP: 0/0
  1807 | D:3      | Noticed Sigmund
  1895 | D:3      | Killed Sigmund
  1896 | D:3      | Reached skill level 3 in Fighting
  1896 | D:3      | Reached XP level 5. HP: 32/41 MP: 0/0
  1896 | D:3      | Learned a level 2 spell: Blink
  1896 | D:3      | Reached XP level 6. HP: 37/47 MP: 0/0
  2216 | D:4      | Found a staircase to the Ecumenical Temple.
  2229 | D:3      | Reached skill level 4 in Fighting
  2636 | Temple   | Entered the Ecumenical Temple
  2641 | Temple   | Became a worshipper of Ashenzari the Shackled
  3146 | D:4      | Reached XP level 7. HP: 52/53 MP: 0/0
  3146 | D:4      | Learned a level 3 spell: Confusing Touch
  3779 | D:5      | Entered Level 5 of the Dungeon
  3800 | D:5      | Reached skill level 5 in Fighting
  4506 | D:5      | Found an opulent altar of Gozag.
  4513 | D:5      | Reached skill level 5 in Spellcasting
  4534 | D:5      | Reached XP level 8. HP: 57/60 MP: 0/0
  5320 | D:6      | Reached skill level 6 in Fighting
  5403 | D:6      | Found a glowing drain.
  5419 | Sewer    | Entered a sewer
  6430 | D:6      | Reached skill level 7 in Fighting
  6642 | D:6      | Identified the +1 helmet of the Five Tables {Str+3}
  6780 | D:6      | Found a sparkling altar of Nemelex Xobeh.
  6804 | D:6      | Reached XP level 9. HP: 63/69 MP: 0/0
  6804 | D:6      | Learned a level 3 spell: Ignite Poison
  6950 | D:6      | Found a snail-covered altar of Cheibriados.
  7013 | D:6      | Reached * piety under Ashenzari
  7219 | D:7      | Noticed Maggie
  7230 | D:7      | Killed Maggie
  7579 | D:7      | Noticed Prince Ribbit
  7603 | D:7      | Killed Prince Ribbit
  8216 | D:7      | Reached skill level 5 in Stealth
  8216 | D:7      | Reached XP level 10. HP: 78/78 MP: 0/0
  8232 | D:7      | Noticed Duvessa
  8236 | D:7      | Noticed Dowan
  8240 | D:7      | Killed Duvessa
  8242 | D:7      | Killed Dowan
  8394 | D:8      | Identified the +9 dagger "Kattauf" {heavy, rPois rF+}
  8398 | D:8      | Reached ** piety under Ashenzari
  8453 | D:8      | Reached skill level 1 in Armour
  8453 | D:8      | Reached skill level 1 in Shields
  8655 | D:8      | Identified the +6 long sword "Fiapuone" {drain, Stlth+}
  9913 | D:9      | Noticed a centaur warrior
  9915 | D:9      | Noticed a two-headed ogre
  9922 | D:9      | Noticed a wizard
  9923 | D:9      | Killed a centaur warrior
  9925 | D:9      | Noticed a white ugly thing
  9929 | D:9      | Killed a wizard
  9930 | D:9      | Reached skill level 5 in Dodging
  9939 | D:9      | Slain by a two-headed ogre

Illustrated notes

Levels and vault maps discovered:
D:1:      zelgadis_glass_arrival_small, layout_basic
D:2:      layout_rooms, shapermc_ecumenical_altar_mp_highgroup,
          kennysheep_generic_room_14
D:3:      layout_basic, uniq_sigmund
D:4:      layout_loops_ring, minmay_temple_entry_butterflies
D:5:      layout_loops_cross, mainiacjoe_overflow_tiny_flanked,
          mainiacjoe_overflow_six_doors_small, kennysheep_pointless_box,
          nicolae_zen_rock_garden
D:6:      layout_basic, nemelex_xobeh_ov_fountains_minmay,
          nicolae_overflow_crystal_walls, cheibrodos_sewer_entry_drain,
          columned_hall_lemuel
D:7:      layout_cave_pods, uniq_prince_ribbit1, uniq_maggie, uniq_duvessa
D:8:      minmay_evil_eye, layout_basic, amcnicky_altar_gilded,
          minmay_misc_feat_room
D:9:      minmay_diamond_stairs, layout_cave_pools, orc_0_dummy,
          dreamdust_princess_corridor
Temple:   hellmonk_temple_micro_hex

Skill      XL: |  1  2  3  4  5  6  7  8  9 10 |
---------------+-------------------------------+-----
Fighting       | 1 2 3 4 5 7 |  7.7
Spellcasting   | 3 4 5 6 |  6.1
Short Blades   | 4 |  4.9
Stealth        | 5 |  5.1
Armour         | 4 |  4.3
Shields        | 4 |  4.3
Dodging        | 5 |  5.4

Action                   |  1- 3 |  4- 6 |  7- 9 | 10-12 || total
-------------------------+-------+-------+-------+-------++-------
Melee: Unarmed           |     2 |       |     1 |       ||     3
       Dagger            |     9 |    14 |    20 |    34 ||    77
       Scimitar          |       |       |    21 |       ||    21
       Punch             |       |       |     1 |       ||     1
       Quarterstaff      |       |       |    11 |       ||    11
Throw: Dart              |       |     1 |       |       ||     1
 Cast: Foxfire           |    50 |    36 |    85 |    33 ||   204
       Scorch            |     1 |     6 |    30 |    15 ||    52
       Sting             |     1 |     2 |       |       ||     3
       Kindle Blastspark |       |     3 |    14 |       ||    17
       Confusing Touch   |       |       |     3 |       ||     3
       Flame Wave        |       |       |    10 |     5 ||    15
Invok: Curse Item        |       |       |     2 |     1 ||     3
  Use: Scroll            |       |     9 |    10 |     2 ||    21
       Potion            |       |       |     3 |       ||     3
 Stab: Confused          |       |       |     1 |       ||     1
       Sleeping          |       |       |       |     1 ||     1
Armor: Robe              |     3 |    14 |    55 |       ||    72
       Skin              |       |       |     1 |       ||     1
       Swamp dragon scal |       |       |    16 |     7 ||    23
       Acid dragon scale |       |       |       |    18 ||    18
Dodge: Dodged            |    14 |    21 |    98 |    34 ||   167
Block: Buckler           |       |       |       |    13 ||    13

Table legend: (Time is in decaauts)
 A = Elapsed time spent in this place.
 B = Non-inter-level travel time spent in this place.
 C = Inter-level travel time spent in this place.
 D = Time resting spent in this place.
 E = Time spent auto-exploring this place.
 F = Levels seen in this place.
 G = Mean time per level.
                   A        B        C        D        E       F      G
               +--------+--------+--------+--------+--------+-----+--------+
         Total |   9944 |   9589 |    355 |   2825 |   4863 |  11 |  904.0 |
       Dungeon |   9174 |   8824 |    350 |   2491 |   4817 |   9 | 1019.3 |
        Temple |     10 |      5 |      5 |      0 |      0 |   1 |   10.0 |
         Sewer |    758 |    758 |      0 |    334 |     46 |   1 |  758.0 |
               +--------+--------+--------+--------+--------+-----+--------+

Top non-repeatable levels by time:
     D:5: 1494 daAuts
     D:3: 1466 daAuts
     D:8: 1446 daAuts
     D:7: 1183 daAuts
     D:6: 1179 daAuts
     D:4: 1178 daAuts
   Sewer: 758 daAuts
     D:1: 599 daAuts
     D:2: 525 daAuts
     D:9: 100 daAuts
  Temple: 10 daAuts
